 Dungeon Sprint DCSS version 0.27-a0-277-g024f7ef292 (webtiles) character file.

Game seed: 16861753190128267228

416 mhtbhm the Cleaver (level 6, 0/94 HPs)
             Began as a Minotaur Fighter on Feb 7, 2021.
             Was a High Priest of Trog.
             Killed by vampiric draining
             ... invoked by a vampire knight
              (6 damage)
             ... in the Dungeon (Sprint VII: "The Pits").
             The game lasted 00:00:57 (460 turns).

mhtbhm the Cleaver (Minotaur Fighter)                Turns: 460, Time: 00:00:58

Health: 0/94       AC: 14    Str: 22    XL:     6   Next: 60%
Magic:  5/5        EV:  7    Int:  5    God:    Trog [*****.]
Gold:   0          SH: 11    Dex: 10    Spells: 5/5 levels left

rFire    . . .     SeeInvis .   a - +2 hand axe
rCold    . . .     Faith    .   c - +0 kite shield
rNeg     . . .     Spirit   .   b - +3 chain mail
rPois    .         Reflect  .   (helmet restricted)
rElec    .         Harm     .   (no cloak)
rCorr    .         Rampage  .   (no gloves)
Will     .....     NoTele   +   (no boots)
Stlth    ..........             (no amulet)
HPRegen  0.25/turn              (no ring)
MPRegen  0.09/turn              (no ring)

@: berserking, very quick
A: retaliatory headbutt, horns 2
a: Renounce Religion, Berserk, Trog's Hand, Brothers in Arms


You were in the Dungeon.
You worshipped Trog.
Trog was extremely pleased with you.
You visited 1 branch

Inventory:

Hand Weapons
 a - a +2 hand axe (weapon)
Armour
 b - a +3 chain mail (worn)
 c - a +0 kite shield (worn)
Scrolls
 j - a scroll of blinking
 l - 3 scrolls of remove curse
 m - a scroll of summoning
Potions
 d - a potion of might
 e - 6 potions of curing
 f - 5 potions of heal wounds
 g - a potion of haste
 h - 4 potions of magic
 i - 3 potions of berserk rage
 k - 2 potions of invisibility


   Skills:
 + Level 9.1 Fighting
 + Level 10.5 Axes
 + Level 8.7 Armour
 + Level 1.5 Dodging
 + Level 8.0 Shields


You had 5 spell levels left.
You didn't know any spells.
Your spell library was empty.

Dungeon Overview and Level Annotations

Branches:
Dungeon (1/1)

Altars:
Cheibriados
Dithmenos
Elyvilon
Fedhas
Gozag
Hepliaklqana
Makhleb
Nemelex Xobeh
Okawaru
Qazlal
Ru
Sif Muna
Trog
Vehumet
Wu Jian
Xom
Yredelemnul
Zin
The Shining One
Beogh
Jiyva
Lugonu


Innate Abilities, Weirdness & Mutations

You reflexively headbutt those who attack you in melee.
You have a pair of horns on your head.


Message History

You hit the vampire knight but do no damage.
The vampire knight is heavily damaged.
You hit the vampire knight but do no damage.
The vampire knight is heavily damaged.
You block the vampire knight's attack. The vampire knight bites you.
* * * LOW HITPOINT WARNING * * *
The vampire knight draws strength from your injuries!
You barely miss the vampire knight.
Your headbutt misses the vampire knight.
The vampire knight is heavily damaged.
The vampire knight hits you with a +0 broad axe!
* * * LOW HITPOINT WARNING * * *
You block the vampire knight's attack.
You slice the vampire knight!!
Your headbutt misses the vampire knight.
The vampire knight is severely damaged.
You slash the vampire knight!
The vampire knight is almost destroyed.
The vampire knight is infused with unholy energy.
You die...

#.#........##.......#
#'###########.......#
#.)#.#.## #########
#)†.....# ##.#.#.##
#.......#+#
##.#.#.##.+
#.......#V#
##.#.#..†@#
##########


You could see a vampire knight (fast).

Vanquished Creatures
  A water moccasin (D)
  An ice beast (D)
  A sky beast (D)
  An orc priest (D)
  A hound (D)
  2 orc wizards (D)
  A river rat (D)
  2 leopard geckos (D)
  4 orcs (D)
  A goblin (D)
  2 hobgoblins (D)
  4 jackals (D)
  A quokka (D)
  2 rats (D)
24 creatures vanquished.

Notes
Turn   | Place    | Note
-------+----------+-------------------------------------------
     0 | D        | mhtbhm the Minotaur Fighter began the quest for the Orb.
     0 | D        | Reached XP level 1. HP: 19/19 MP: 0/0
    16 | D        | Found a bloodstained altar of Trog.
    16 | D        | Found a shimmering blue altar of Sif Muna.
    16 | D        | Found a viscous altar of Jiyva.
    16 | D        | Found a hazy altar of Hepliaklqana.
    16 | D        | Found an opulent altar of Gozag.
    17 | D        | Found a glowing golden altar of the Shining One.
    17 | D        | Found a glowing silver altar of Zin.
    17 | D        | Found a basalt altar of Yredelemnul.
    17 | D        | Found a shimmering altar of Xom.
    17 | D        | Found an ornate altar of the Wu Jian Council.
    17 | D        | Found a sacrificial altar of Ru.
    17 | D        | Found a stormy altar of Qazlal.
    17 | D        | Found an iron altar of Okawaru.
    17 | D        | Found a sparkling altar of Nemelex Xobeh.
    17 | D        | Found a burning altar of Makhleb.
    17 | D        | Found a blossoming altar of Fedhas.
    17 | D        | Found a white marble altar of Elyvilon.
    17 | D        | Found a shadowy altar of Dithmenos.
    17 | D        | Found a snail-covered altar of Cheibriados.
    19 | D        | Found a radiant altar of Vehumet.
    19 | D        | Found a corrupted altar of Lugonu.
    19 | D        | Found a roughly hewn altar of Beogh.
    21 | D        | Became a worshipper of Trog the Wrathful
   171 | D        | Reached * piety under Trog
   172 | D        | Reached skill level 3 in Axes
   172 | D        | Reached XP level 2. HP: 23/28 MP: 1/1
   284 | D        | Reached ** piety under Trog
   287 | D        | Reached skill level 5 in Fighting
   287 | D        | Reached skill level 5 in Shields
   289 | D        | Reached *** piety under Trog
   290 | D        | Reached skill level 5 in Armour
   294 | D        | Reached XP level 3. HP: 36/36 MP: 2/2
   295 | D        | Reached skill level 4 in Axes
   393 | D        | Noticed a sky beast
   393 | D        | Noticed an ice beast
   396 | D        | Reached **** piety under Trog
   401 | D        | Reached skill level 5 in Axes
   403 | D        | Killed an ice beast
   404 | D        | Reached skill level 7 in Axes
   404 | D        | Reached XP level 4. HP: 47/47 MP: 3/3
   404 | D        | Reached XP level 5. HP: 52/52 MP: 4/4
   406 | D        | Reached ***** piety under Trog
   407 | D        | Reached skill level 8 in Axes
   419 | D        | Killed a sky beast
   420 | D        | Reached skill level 9 in Axes
   420 | D        | Reached skill level 1 in Dodging
   420 | D        | Reached XP level 6. HP: 39/62 MP: 5/5
   438 | D        | Noticed a water moccasin
   445 | D        | Killed a water moccasin
   446 | D        | Reached skill level 10 in Axes
   448 | D        | Noticed a vampire knight
   460 | D        | Killed from afar by a vampire knight

Illustrated notes

Levels and vault maps discovered:
D:        pitsprint [storerooms_1, entrance_room_1, metal_vault_1, armoury_2,
          mini_pit_1, grid_room_1, main_hall_1, silver_pit, the_coven_1,
          the_vestibule_1, steel_vault_3, golden_pit, hallway_of_sentries,
          crystal_vault_2, iron_vault_2, final_vault]

Skill      XL: |  1  2  3  4  5  6 |
---------------+-------------------+-----
Fighting       | 4 5 7 8 9 |  9.1
Armour         | 4 5 6 8 |  8.7
Shields        | 4 5 6 7 8 |  8.0
Axes           | 3 7 9 10 | 10.5
Dodging        | 1 |  1.5

Action                   |  1- 3 |  4- 6 || total
-------------------------+-------+-------++-------
Melee: Hand axe          |    39 |    30 ||    69
       War axe           |     2 |       ||     2
       Headbutt          |     3 |     5 ||     8
Invok: Berserk           |     2 |     1 ||     3
  Use: Potion            |       |     1 ||     1
Armor: Scale mail        |     9 |       ||     9
       Chain mail        |     9 |    14 ||    23
Dodge: Dodged            |    12 |     6 ||    18
Block: Kite shield       |    14 |     8 ||    22

Table legend: (Time is in decaauts)
 A = Elapsed time spent in this place.
 B = Non-inter-level travel time spent in this place.
 C = Inter-level travel time spent in this place.
 D = Time resting spent in this place.
 E = Time spent auto-exploring this place.
 F = Levels seen in this place.
 G = Mean time per level.
                   A        B        C        D        E       F      G
               +--------+--------+--------+--------+--------+-----+--------+
         Total |    482 |    482 |      0 |    235 |     40 |   1 |  482.0 |
       Dungeon |    482 |    482 |      0 |    235 |     40 |   1 |  482.0 |
               +--------+--------+--------+--------+--------+-----+--------+

Top non-repeatable levels by time:
       D: 482 daAuts
